 Dungeon Crawl Stone Soup version 0.25.0-45-g9783441 (webtiles) character file.

Game seed: 5550512048155585329

458 magic1978 the Covered (level 6, -5/56 HPs)
             Began as a Minotaur Fighter on July 10, 2020.
             Was an Initiate of Okawaru.
             Slain by an iguana (10 damage)
             ... on level 5 of the Dungeon on July 11, 2020.
             The game lasted 00:26:01 (3931 turns).

magic1978 the Covered (Minotaur Fighter)            Turns: 3931, Time: 00:26:02

Health: -5/56      AC:  8    Str: 21    XL:     6   Next: 77%
Magic:  6/6        EV:  9    Int:  5    God:    Okawaru [......]
Gold:   131        SH: 10    Dex: 11    Spells: 5/5 levels left

rFire    . . .     SeeInvis .   a - +1 war axe
rCold    + . .     Gourm    .   c - +0 kite shield
rNeg     . . .     Faith    .   b - +0 scale mail
rPois    .         Spirit   .   (helmet restricted)
rElec    .         Reflect  .   (no cloak)
rCorr    .         Harm     .   i - +0 pair of gloves
MR       .....                  (no boots)
Stlth    ..........             (no amulet)
HPRegen  0.18/turn              e - ring of protection from cold
MPRegen  0.10/turn              j - ring of flight

@: no status effects
A: retaliatory headbutt, horns 2
a: Renounce Religion, Evoke Flight


You were on level 5 of the Dungeon.
You worshipped Okawaru.
Okawaru was noncommittal.
You were not hungry.

You visited 2 branches of the dungeon, and saw 6 of its levels.

You collected 261 gold pieces.
You spent 130 gold pieces at shops.

Inventory:

Hand Weapons
 a - a +1 war axe (weapon)
Missiles
 h - 3 curare-tipped darts
 m - 17 poisoned darts (quivered)
Armour
 b - a +0 scale mail (worn)
 c - a +0 kite shield (worn)
 i - a +0 pair of gloves (worn)
 s - a +0 chain mail
Jewellery
 e - a ring of protection from cold (left hand)
 j - a ring of flight (right hand)
 w - an uncursed amulet of magic regeneration
Scrolls
 l - 2 scrolls of fear
 n - 2 scrolls of teleportation
 u - a scroll of remove curse
Potions
 d - a potion of might
 g - a potion of flight
 k - 2 potions of invisibility
 o - 2 potions of haste
 p - a potion of magic {unknown}
 r - a potion of lignification {unknown}
 t - 2 potions of curing {unknown}
 v - a potion of brilliance {unknown}
 x - a potion of heal wounds {unknown}
 z - a potion of cancellation {unknown}
Comestibles
 f - 9 rations
 B - a chunk of flesh


   Skills:
 + Level 5.1 Fighting
 - Level 3.0 Axes
 + Level 5.2 Armour
 + Level 3.1 Dodging
 + Level 5.2 Shields
 + Level 1.2 Invocations
 - Level 2.0 Evocations


You had 5 spell levels left.
You didn't know any spells.
Your spell library was empty.

Dungeon Overview and Level Annotations

Branches:
Dungeon (5/15)             Temple (1/1) D:4

Altars:
Cheibriados
Dithmenos
Elyvilon
Fedhas
Gozag
Kikubaaqudgha
Makhleb
Nemelex Xobeh
Okawaru
Qazlal
Ru
Vehumet
Xom
The Shining One

Shops:
D:4 [=*=


Innate Abilities, Weirdness & Mutations

You reflexively headbutt those who attack you in melee.
You have a pair of horns on your head.


Message History

The river rat is almost dead.
The river rat bites you!
* * * LOW HITPOINT WARNING * * *
You barely miss the river rat.
The river rat is almost dead.
The river rat bites you.
* * * LOW HITPOINT WARNING * * *
The river rat bites you but does no damage.
You hit the river rat.
You kill the river rat!
Okawaru accepts your kill. You block the iguana's attack.
You closely miss the iguana.
You hear the slow rusting of a very distant drain.
The iguana bites you.
* * * LOW HITPOINT WARNING * * *
You barely miss the iguana. You headbutt the iguana.
The iguana is lightly wounded.
The iguana bites you!
You die...

# . ..... #.###'###
.##............. #...#.#
##...............#####.....#
..%.................###..###
..................§.#.....#
................ #........#
####....>......###?.......#
..#.......##..#§..÷.##
##...#..Yl@.##.....#
<#....##..#..##.....#
.......#..#####....##
.......#..# #...##
......†)..# ##.##
......#...# ### ..... #####
.... ##.


You could see an ice beast and an iguana.

Vanquished Creatures
  An ogre (D:5)
  A scorpion (D:5)
  A howler monkey (D:4)
  A jelly (D:5)
  Jessica (D:2)
  Terence (D:2)
  3 worker ants (D:4)
  3 adders
  A river rat (D:5)
  2 shadow imps (D:5)
  2 worms
  5 dart slugs
  2 leopard geckos
  An orc (D:3)
  A ball python (D:1)
  6 bats
  3 giant cockroaches
  10 hobgoblins
  3 jackals (D:3)
  A quokka (D:3)
  4 frilled lizards
  6 goblins
  8 kobolds
  8 rats
  11 bushes (D:2)
  8 plants (D:2)
94 creatures vanquished.

Notes
Turn   | Place    | Note
-------+----------+-------------------------------------------
     0 | D:1      | magic1978 the Minotaur Fighter began the quest for the Orb.
     0 | D:1      | Reached XP level 1. HP: 19/19 MP: 0/0
   179 | D:1      | Reached XP level 2. HP: 27/27 MP: 1/1
   497 | D:1      | Reached skill level 1 in Dodging
   503 | D:1      | Upgraded the game from 0.25.0-41-g26779e2 to
                  | 0.25.0-45-g9783441
   773 | D:2      | Reached XP level 3. HP: 27/33 MP: 2/2
   966 | D:2      | Noticed Terence
   973 | D:2      | Killed Terence
   973 | D:2      | Reached skill level 1 in Evocations
   973 | D:2      | Reached XP level 4. HP: 37/40 MP: 3/3
  1093 | D:2      | Noticed Jessica
  1104 | D:2      | Killed Jessica
  2622 | D:3      | Found an opulent altar of Gozag.
  2648 | D:3      | Reached XP level 5. HP: 47/47 MP: 3/5
  2839 | D:3      | Found a sacrificial altar of Ru.
  3036 | D:4      | Found Giet Fue's Jewellery Emporium.
  3053 | D:4      | Found Qiypseo's Assorted Antiques.
  3062 | D:4      | Found Onoe's Jewellery Shoppe.
  3064 | D:4      | Bought a scroll labeled EWILUCWYL SYNE for 26 gold pieces
  3064 | D:4      | Bought 2 scrolls labeled ZECAOG GEEPOA for 52 gold pieces
  3064 | D:4      | Bought a scroll labeled ROAXOCE BAIDI for 26 gold pieces
  3064 | D:4      | Bought a scroll labeled BAUNOL DIUQ for 26 gold pieces
  3255 | D:4      | Found Laym Zio's Armour Shop.
  3598 | D:4      | Found a staircase to the Ecumenical Temple.
  3602 | Temple   | Entered the Ecumenical Temple
  3706 | Temple   | Became a worshipper of Warmaster Okawaru
  3840 | D:5      | Entered Level 5 of the Dungeon
  3850 | D:5      | Reached XP level 6. HP: 52/55 MP: 6/6
  3853 | D:5      | Reached skill level 5 in Fighting
  3853 | D:5      | Reached skill level 5 in Armour
  3853 | D:5      | Reached skill level 5 in Shields
  3867 | D:5      | Found a snail-covered altar of Cheibriados.
  3867 | D:5      | Found a radiant altar of Vehumet.
  3896 | D:5      | Noticed an ice beast
  3905 | D:5      | Noticed an ice beast
  3912 | D:5      | Reached skill level 1 in Invocations
  3931 | D:5      | Slain by an iguana

Illustrated notes

Levels and vault maps discovered:
D:1:      dpeg_arrival_line_fractal, layout_basic, minmay_tripent
D:2:      layout_basic, serial_forest, infiniplex_forest_side_room,
          infiniplex_forest_end_3, infiniplex_forest_clump_medium,
          infiniplex_forest_straight_3, infiniplex_forest_lined_ring,
          infiniplex_forest_pool, infiniplex_forest_lined_room_3, uniq_terence,
          uniq_jessica
D:3:      layout_basic, nicolae_gozag_cash_rules_everything_around_me,
          nicolae_ru_the_path_less_chosen, first_ration
D:4:      layout_cave_pools, temple_hall_moat, serial_shops, shop_fountains,
          shop, shop_fountains, nicolae_shop_behind_doors
D:5:      layout_cave_pools, lemuel_crystal_altar,
          gammafunk_temple_overflow_pools, gammafunk_temple_overflow_elements,
          portal_sewer_entry_a, lemuel_tele_altar
Temple:   compressed_dpeg_circular_temple

Skill      XL: |  1  2  3  4  5  6 |
---------------+-------------------+-----
Dodging        | 1 2 3 |  3.1
Armour         | 4 5 |  5.2
Fighting       | 4 5 |  5.1
Shields        | 4 5 |  5.2
Evocations     | 1 2 |  2.0
Axes           | 3 |  3.0
Invocations    | 1 |  1.2

Action                   |  1- 3 |  4- 6 || total
-------------------------+-------+-------++-------
Melee: War axe           |    50 |   550 ||   600
       Headbutt          |    11 |   184 ||   195
  Use: Scroll            |       |    11 ||    11
  Eat: Chunk             |       |     8 ||     8
       Ration            |       |     1 ||     1
Armor: Scale mail        |    14 |    40 ||    54
Dodge: Dodged            |     7 |    48 ||    55
Block: Kite shield       |    20 |    68 ||    88
